 Dungeon Crawl Stone Soup version 0.29.1-2-gbd0b4ee654 (webtiles) character file.

Game seed: 1795168335488659083

3 jamestheduck25 the Sneak (level 1, 0/10 HPs)
             Began as a Kobold Enchanter on Nov 14, 2022.
             Slain by a frilled lizard (1 damage)
             ... on level 1 of the Dungeon.
             The game lasted 00:01:34 (90 turns).

jamestheduck25 the Sneak (Kobold Enchanter)           Turns: 90, Time: 00:01:35

Health: 0/10       AC:  3    Str:  5    XL:     1   Next: 55%
Magic:  3/3        EV: 14    Int: 16    God:
Gold:   0          SH:  0    Dex: 15    Spells: 4/4 levels left

rFire   . . .      SeeInvis .   a - +1 dagger
rCold   . . .      Faith    .   (no shield)
rNeg    . . .      Spirit   .   d - +0 leather armour
rPois   .          Reflect  .   (no helmet)
rElec   .          Harm     .   (no cloak)
rCorr   .          Rampage  .   (no gloves)
Will    .....                   (no boots)
Stlth   +++.......              (no amulet)
HPRegen 0.03/turn               (no ring)
MPRegen 0.08/turn               (no ring)

@: no status effects
A: small, no large weapons, nightstalker 3
a: no special abilities


You were on level 1 of the Dungeon.
You visited 1 branch of the dungeon, and saw 1 of its levels.

Inventory:

Hand Weapons
 a - a +1 dagger (weapon)
Armour
 b - a +0 robe
 d - a +0 leather armour (worn)
Potions
 c - 2 potions of invisibility


   Skills:
 + Level 1.4 Short Blades
 + Level 2.6 Dodging
 + Level 4.1 Stealth
 + Level 2.2 Spellcasting
 + Level 3.0 Hexes


You had 4 spell levels left.
You didn't know any spells.
Your spell library contained the following spells:

 Spells                   Type           Power      Damage    Failure   Level
 Ensorcelled Hibernation  Hex/Ice        12%        N/A       28%         2
 Confusing Touch          Hex            11%        N/A       30%         3
 Tukima's Dance           Hex            11%        N/A       30%         3
 Summon Small Mammal      Summ           4%         N/A       34%         1
 Dazzling Flash           Conj/Hex       12%        N/A       50%         3
 Summon Guardian Golem    Hex/Summ       6%         N/A       50%         3
 Call Canine Familiar     Summ           1%         N/A       71%         3


Dungeon Overview and Level Annotations

Branches:
Dungeon (1/15)

Altars:


Innate Abilities, Weirdness & Mutations

You are small and have problems with some larger weapons.
You are completely attuned to the shadows.


Message History

The helpless goblin fails to defend itself.
You impale the goblin!!
You kill the goblin!
The helpless endoplasm fails to defend itself.
You puncture the endoplasm!
You kill the endoplasm!
Found a leather armour.
You see here a +0 leather armour.
d - a +0 leather armour You start removing your armour.
You continue taking off your +0 robe. x4
You finish taking off your +0 robe.
You start putting on your armour.
You continue putting on your +0 leather armour. x5
You finish putting on your +0 leather armour.
A goblin comes into view. It is wielding a +0 club.
The goblin shouts!
You hear an angry hiss.
A frilled lizard comes into view.
There is a fountain of clear blue water here.
Found a club.
Found a stone staircase leading down.
The goblin hits you with a +0 club. The goblin hits you with a +0 club.
The frilled lizard bites you. The goblin attacks as you move away!
The goblin hits you with a +0 club. The frilled lizard closely misses you.
The goblin attacks as you move away! The goblin hits you but does no damage.
The frilled lizard barely misses you.
A frilled lizard comes into view.
There is a stone staircase leading down here.
The goblin attacks as you move away! The goblin barely misses you.
The goblin attacks as you move away! The goblin barely misses you.
The goblin barely misses you. The frilled lizard barely misses you.
The goblin misses you. The frilled lizard bites you.
* * * LOW HITPOINT WARNING * * *
The goblin hits you but does no damage.
The frilled lizard bites you but does no damage.
The goblin closely misses you.
The frilled lizard bites you but does no damage.
The goblin barely misses you. The frilled lizard bites you.
* * * LOW HITPOINT WARNING * * *
The goblin closely misses you. The frilled lizard bites you.
You die...

.##.##..⌠..#
##.....#
.l.....#
......##
......#
..).>.#
......#
...lg.#
....@.#
#.##### ..


You could see a goblin and a frilled lizard.

Vanquished Creatures
  An endoplasm (D:1)
  2 goblins (D:1)
3 creatures vanquished.

Notes
Turn   | Place    | Note
-------+----------+-------------------------------------------
     0 | D:1      | jamestheduck25 the Kobold Enchanter began the quest for the
                  | Orb.
     0 | D:1      | Reached XP level 1. HP: 10/10 MP: 3/3
    90 | D:1      | Slain by a frilled lizard

Illustrated notes

Levels and vault maps discovered:
D:1:      amcnicky_arrival_blooded_trapdoor, layout_rooms,
          basic_ecumenical_altar, hangedman_feature_mirror, minmay_bisected

Action                   || total
-------------------------++-------
Melee: Dagger            ||     3
 Stab: Sleeping          ||     3
Armor: Leather armour    ||     4
Dodge: Dodged            ||    10
